 Dungeon Crawl Stone Soup version 0.27.1 (webtiles) character file.

Game seed: 6413213956538475630

234 boopmooplesden the Covered (level 5, 0/47 HPs)
             Began as a Minotaur Fighter on Aug 27, 2021.
             Was an Initiate of Ashenzari.
             Frozen to death by an endoplasm (4 damage)
             ... on level 4 of the Dungeon.
             The game lasted 00:05:16 (4081 turns).

boopmooplesden the Covered (Minotaur Fighter)       Turns: 4081, Time: 00:05:17

Health: 0/47       AC:  6    Str: 21    XL:     5   Next: 75%
Magic:  4/4        EV:  2    Int:  5    God:    Ashenzari [......]
Gold:   141        SH: 14    Dex: 10    Spells: 4/4 levels left

rFire    + . .     SeeInvis .   q - +3 hand axe (venom)
rCold    . . .     Faith    .   o - +0 tower shield
rNeg     . . .     Spirit   .   j - +1 plate armour
rPois    .         Reflect  .   (helmet restricted)
rElec    .         Harm     .   (no cloak)
rCorr    .         Rampage  .   d - +0 pair of gloves {Stlth+}
Will     .....                  (no boots)
Stlth    ..........             (no amulet)
HPRegen  0.15/turn              h - ring of protection from fire
MPRegen  0.09/turn              (no ring)

@: corroded
A: horns 2, retaliatory headbutt
a: Renounce Religion


You were on level 4 of the Dungeon.
You worshipped Ashenzari.
Ashenzari was noncommittal.
You visited 2 branches of the dungeon, and saw 5 of its levels.

You collected 141 gold pieces.

Inventory:

Hand Weapons
 a - a +0 war axe
 p - a +2 spear of freezing
 q - a +3 hand axe of venom (weapon)
Armour
 b - a +0 scale mail
 c - a +0 kite shield
 d - a +0 pair of gloves of stealth (worn)
 j - a +1 plate armour (worn)
 o - a +0 tower shield (worn)
 r - a +0 pair of gloves
Jewellery
 h - a ring of protection from fire (left hand)
Scrolls
 f - 4 scrolls of teleportation
 g - a scroll of fog
 i - 3 scrolls of identify
 m - a scroll of silence
Potions
 e - a potion of heal wounds
 k - a potion of brilliance
 n - a potion of degeneration
 t - a potion of magic
 u - a potion of curing


   Skills:
 + Level 4.5 Fighting
 + Level 4.7 Axes
 + Level 5.4 Armour
 + Level 0.6 Dodging
 + Level 4.3 Shields


You had 4 spell levels left.
You didn't know any spells.
Your spell library contained the following spells:

 Spells                   Type           Power      Damage    Failure   Level
 Animate Skeleton         Necr           0%         N/A       100%        1
 Foxfire                  Conj/Fire      0%         2x1d4     100%        1
 Pain                     Necr           0%         1d4       100%        1
 Conjure Flame            Conj/Fire      0%         6-21      100%        3
 Inner Flame              Hex/Fire       0%         N/A       100%        3
 Vampiric Draining        Necr           0%         2d6       100%        3


Dungeon Overview and Level Annotations

Branches:
Dungeon (4/15)             Temple (1/1) D:4

Altars:
Ashenzari
Dithmenos
Elyvilon
Makhleb
Nemelex Xobeh
Qazlal
Vehumet
Xom

Shops:
D:1 (


Innate Abilities, Weirdness & Mutations

You have a pair of horns on your head.
You reflexively headbutt those who attack you in melee.


Message History

You hit the fungus. You hit the jelly.
Your hands burn!
The endoplasm freezes you.
You are frozen.
The endoplasm hits the fungus.
The endoplasm jiggles.
The endoplasm hits the fungus.
You block the jelly's attack. The endoplasm freezes you.
You are frozen.
The endoplasm hits the fungus.
You hit the jelly but do no damage. The acid corrodes you!
Your hands burn!
The jelly is heavily wounded.
You hit the endoplasm but do no damage. x2; You hit the fungus.
A nearby fungus withers and dies.
You block the jelly's attack.
The endoplasm jiggles.
The endoplasm freezes you.
You are frozen.
* * * LOW HITPOINT WARNING * * *
The endoplasm hits you but does no damage.
You block the jelly's attack.
The endoplasm hits you but does no damage.
You hit the jelly.
Your hands burn!
* * * LOW HITPOINT WARNING * * *
You headbutt the jelly.
The jelly is severely wounded.
You hit the endoplasm but do no damage. You hit the endoplasm.
The endoplasm is poisoned.
You hit the endoplasm. The endoplasm freezes you.
You are frozen.
* * * LOW HITPOINT WARNING * * *
The endoplasm freezes you.
You are frozen.
* * * LOW HITPOINT WARNING * * *
You block the endoplasm's attack. The jelly barely misses you.
You hit the jelly.
Your hands burn!
* * * LOW HITPOINT WARNING * * *
The jelly is severely wounded.
You hit the endoplasm.
The endoplasm is poisoned.
You hit the endoplasm.
You kill the endoplasm!
You hit the endoplasm but do no damage. The endoplasm barely misses you.
The endoplasm freezes you.
You are frozen.
You die...

#.......##....#######....
#.......##...............
#.......##.#####.........
####....###..............
##..'....#
######.......(.
#.########
##...........()
##...)..##
#.[####.###....
#######J###.......# #....
...÷..JJ@##...<.### #####
.÷.P...JJ######.#
÷....÷...##.###.##
..÷......##...#..#
...P.P...####.##.#
|P...P..÷# #..#.########
########## ##....).....#
###..##..... ##.#......


You could see a jelly and 4 endoplasms.

Vanquished Creatures
  A howler monkey (D:3)
  A jelly (D:4)
  A hound skeleton (D:4)
  3 gnolls (D:2)
  An adder (D:2)
  3 worms
  3 dart slugs
  3 orcs
  8 ball pythons
  4 bats
  8 endoplasms
  2 giant cockroaches
  7 goblins
  7 hobgoblins
  15 jackals
  10 kobolds
  4 quokkas
  A frilled lizard (D:1)
  7 rats
89 creatures vanquished.

Vanquished Creatures (others)
  7 demonic plants (D:2)
  4 fungi
  2 plants (D:2)
  9 toadstools (D:4)
  2 withered plants (D:2)
24 creatures vanquished.

Grand Total: 113 creatures vanquished

Notes
Turn   | Place    | Note
-------+----------+-------------------------------------------
     0 | D:1      | boopmooplesden the Minotaur Fighter began the quest for the
                  | Orb.
     0 | D:1      | Reached XP level 1. HP: 19/19 MP: 0/0
    45 | D:1      | Reached XP level 2. HP: 27/27 MP: 1/1
   350 | D:1      | Found Guphul's Antique Weapon Shop.
   432 | D:1      | Reached skill level 4 in Armour
   740 | D:1      | Reached XP level 3. HP: 33/33 MP: 2/2
  1215 | D:2      | Found a faded altar of an unknown god.
  1320 | D:2      | HP: 1/33 [gnoll (2)]
  1683 | D:2      | Reached XP level 4. HP: 36/40 MP: 3/3
  2015 | D:2      | HP: 2/40 [gnoll (7)]
  3643 | D:3      | Reached XP level 5. HP: 37/47 MP: 4/4
  3756 | D:4      | Found a staircase to the Ecumenical Temple.
  3771 | Temple   | Entered the Ecumenical Temple
  3785 | Temple   | Became a worshipper of Ashenzari the Shackled
  4077 | D:4      | Reached skill level 5 in Armour
  4081 | D:4      | Frozen to death by an endoplasm

Illustrated notes

Levels and vault maps discovered:
D:1:      minmay_arrival_up_and_down, layout_basic, serial_shops,
          nicolae_square_shop, columned_hall_lemuel
D:2:      layout_basic, shapermc_ecumenical_altar_gd
D:3:      layout_basic
D:4:      cheibrodos_fertilizer, layout_rooms, nicolae_uskayaw_suspiria,
          temple_fountains, st_stairs_6
Temple:   eino_temple_rhombus

Skill      XL: |  1  2  3  4  5 |
---------------+----------------+-----
Fighting       | 4 |  4.5
Shields        | 4 |  4.3
Armour         | 4 5 |  5.4
Axes           | 3 4 |  4.7
Dodging        | |  0.6

Action                   |  1- 3 |  4- 6 || total
-------------------------+-------+-------++-------
Melee: War axe           |    91 |    21 ||   112
       Headbutt          |     9 |    20 ||    29
       Hand axe          |       |    68 ||    68
  Use: Potion            |     1 |       ||     1
       Scroll            |       |     8 ||     8
Armor: Scale mail        |    37 |    11 ||    48
       Plate armour      |       |    35 ||    35
Dodge: Dodged            |    41 |    11 ||    52
Block: Kite shield       |    60 |    11 ||    71
       Tower shield      |       |    39 ||    39
